 Dungeon Crawl Stone Soup version 0.28.0-47-ge53b351184 (webtiles) character file.

Game seed: 11897731782966191460

411 Exodus22XD the Chopper (level 6, -2/56 HPs)
             Began as a Hill Orc Monk on May 7, 2022.
             Slain by a gnoll
             ... wielding a +0 flail
              (5 damage)
             ... on level 4 of the Dungeon.
             The game lasted 00:04:03 (3765 turns).

Exodus22XD the Chopper (Hill Orc Monk)              Turns: 3765, Time: 00:04:03

Health: -2/56      AC:  8    Str: 16    XL:     6   Next: 90%
Magic:  6/6        EV: 10    Int: 10    God:
Gold:   249        SH:  0    Dex: 13    Spells: 5/5 levels left

rFire   + . .      SeeInvis .   a - +0 hand axe
rCold   + . .      Faith    .   (no shield)
rNeg    . . .      Spirit   .   r - +0 scale mail {rC+}
rPois   .          Reflect  .   (no helmet)
rElec   .          Harm     .   m - +0 cloak
rCorr   .          Rampage  .   (no gloves)
Will    .....                   (no boots)
Stlth   ..........              (no amulet)
HPRegen 0.18/turn               j - ring of protection from fire
MPRegen 0.10/turn               (no ring)

@: no status effects
A: no striking features
a: no special abilities


You were on level 4 of the Dungeon.
You visited 1 branch of the dungeon, and saw 5 of its levels.

You collected 289 gold pieces.
You spent 40 gold pieces at shops.

Inventory:

Hand Weapons
 a - a +0 hand axe (weapon)
Armour
 m - a +0 cloak (worn)
 r - a +0 scale mail of cold resistance (worn)
Jewellery
 i - a ring of fire
 j - a ring of protection from fire (left hand)
Scrolls
 e - 2 scrolls of identify {unknown}
 h - 3 scrolls of immolation {unknown}
 k - 2 scrolls of enchant armour {unknown}
 l - a scroll of fear {unknown}
 n - 3 scrolls of teleportation {unknown}
 o - a scroll of summoning {unknown}
 s - a scroll of magic mapping {unknown}
Potions
 b - a potion of might
 c - a potion of magic {unknown}
 d - a potion of flight {unknown}
 f - a potion of brilliance {unknown}
 g - 3 potions of heal wounds {unknown}
 p - a potion of cancellation {unknown}
 q - 2 potions of curing {unknown}


   Skills:
 + Level 5.2 Fighting
 + Level 7.0 Axes
 * Level 4.3 Armour
 - Level 2.4 Dodging
 - Level 1.5 Stealth


You had 5 spell levels left.
You didn't know any spells.
Your spell library was empty.

Dungeon Overview and Level Annotations

Branches:
Dungeon (5/15)
 Temple: D:4-7

Altars:

Shops:
D:2 !!(

Annotations:
D:5 1 runed translucent door, supermoro's ghost, novice MiFi


Message History

The gnoll completely misses you.
You completely miss the gnoll.
The gnoll is severely wounded.
You hit the gnoll but do no damage. The gnoll hits you with a +0 club.
The gnoll hits you with a +0 flail.
You hit the gnoll but do no damage.
The gnoll is severely wounded.
You hit the gnoll. The gnoll hits you with a +0 club.
The gnoll hits you but does no damage.
You hit the gnoll but do no damage.
The gnoll is severely wounded.
You barely miss the gnoll. The gnoll closely misses you.
The gnoll hits you with a +0 flail.
You hit the gnoll.
The gnoll is almost dead.
You hit the gnoll. The gnoll misses you. The gnoll hits you with a +0 flail!
* * * LOW HITPOINT WARNING * * *
You slash the gnoll!
You kill the gnoll!
You closely miss the gnoll. The gnoll completely misses you.
Things that are here:
a +0 club; a +0 halberd; a gnoll corpse The gnoll hits you with a +0 flail.
* * * LOW HITPOINT WARNING * * *
You closely miss the gnoll.
The gnoll is heavily wounded.
The gnoll hits you with a +0 flail.
* * * LOW HITPOINT WARNING * * *
You hit the gnoll.
The gnoll is almost dead.
The gnoll closely misses you.
You completely miss the gnoll.
The gnoll is almost dead.
The gnoll hits you with a +0 flail.
* * * LOW HITPOINT WARNING * * *
You barely miss the gnoll.
The gnoll is almost dead.
The gnoll hits you with a +0 flail.
You die...

##........#.....# ######
#..##### #.#............#
#.g.g# #......#
#..............# #.##.###.#
#............### #.##..g..#
#.#.....####.#####.########
#.......# #.........#
#......## #.........#
#......# ##.g).....#
#...... #..@.....#
#..>.....# #........#
#........# ##########


You could see a gnoll.

Vanquished Creatures
  A necrophage (D:4)
  A phantom (D:4)
  A jelly (D:4)
  Terence (D:3)
  4 adders
  3 gnolls
  2 worms (D:3)
  14 dart slugs
  6 orcs
  4 bats
  8 endoplasms
  5 giant cockroaches
  17 goblins
  3 hobgoblins
  A quokka (D:2)
  9 ball pythons
  3 frilled lizards (D:3)
  7 kobolds
  7 rats
97 creatures vanquished.

Notes
Turn   | Place    | Note
-------+----------+-------------------------------------------
     0 | D:1      | Exodus22XD the Hill Orc Monk began the quest for the Orb.
     0 | D:1      | Reached XP level 1. HP: 19/19 MP: 1/1
    81 | D:1      | Reached XP level 2. HP: 22/27 MP: 2/2
   401 | D:1      | Reached skill level 1 in Armour
   597 | D:1      | Reached XP level 3. HP: 28/33 MP: 3/3
   645 | D:1      | Found a faded altar of an unknown god.
   944 | D:2      | Found Gaykoegh's Distillery.
   959 | D:2      | Bought a potion of might for 40 gold pieces
  1156 | D:2      | Reached skill level 5 in Axes
  1212 | D:2      | Found Ycoonib's Weapon Boutique.
  1374 | D:2      | Found Hustetoi's Distillery.
  1658 | D:2      | Reached XP level 4. HP: 38/41 MP: 4/4
  2453 | D:3      | Reached XP level 5. HP: 40/47 MP: 5/5
  2624 | D:3      | Noticed Terence
  2641 | D:3      | Killed Terence
  2791 | D:4      | Noticed a necrophage
  2800 | D:4      | Killed a necrophage
  2801 | D:4      | Reached skill level 6 in Axes
  2801 | D:4      | Reached XP level 6. HP: 55/55 MP: 6/6
  2906 | D:4      | Reached skill level 5 in Fighting
  3351 | D:4      | Reached skill level 7 in Axes
  3445 | D:5      | Entered Level 5 of the Dungeon
  3719 | D:5      | Found a runed translucent door.
  3719 | D:5      | Noticed supermoro's ghost (novice MiFi)
  3765 | D:4      | Slain by a gnoll

Illustrated notes

Levels and vault maps discovered:
D:1:      amcnicky_arrival_single_pillar, layout_basic,
          chequers_ecumenical_altar_simple_redux
D:2:      kennysheep_the_goblin_king, layout_basic, serial_shops,
          nicolae_shop_statue_plus, shop_coins, shop, minmay_tiny_reverse_x
D:3:      layout_rooms, minmay_joined_circles, uniq_terence
D:4:      kennysheep_slugbush, layout_basic, sigmund_edmund_badplayer
D:5:      layout_basic, hellmonk_ghost_happy_afterlife, serial_glass,
          glass_columns_a, glass_columns_b, minmay_a_box_with_orc_wizards_in_it,
          uniq_sigmund

Skill      XL: |  1  2  3  4  5  6 |
---------------+-------------------+-----
Fighting       | 4 5 |  5.2
Armour         | 1 2 3 4 |  4.3
Axes           | 5 6 7 |  7.0
Dodging        | |  2.4
Stealth        | |  1.5

Action                   |  1- 3 |  4- 6 || total
-------------------------+-------+-------++-------
Melee: Hand axe          |   120 |   222 ||   342
       Punch             |     2 |     5 ||     7
 Stab: Sleeping          |     1 |       ||     1
Armor: Robe              |    10 |       ||    10
       Chain mail        |    40 |    60 ||   100
       Ring mail         |     4 |       ||     4
       Scale mail        |       |    43 ||    43
Dodge: Dodged            |    65 |   108 ||   173
